 Dungeon Crawl Stone Soup version 0.28.0-49-g6dfe1f597d (webtiles) character file.

Game seed: 5133562020129676312

58 Keeper01 the Chopper (level 4, -3/41 HPs)
             Began as a Hill Orc Berserker on May 11, 2022.
             Was a Follower of Trog.
             Slain by Natasha (7 damage)
             ... on level 2 of the Dungeon.
             The game lasted 00:04:20 (1436 turns).

Keeper01 the Chopper (Hill Orc Berserker)           Turns: 1436, Time: 00:04:21

Health: -3/41      AC:  2    Str: 21    XL:     4   Next: 1%
Magic:  4/4        EV: 12    Int:  7    God:    Trog [*.....]
Gold:   81         SH:  0    Dex: 10    Spells: 3/3 levels left

rFire   . . .      SeeInvis .   e - +0 flail
rCold   . . .      Faith    .   (no shield)
rNeg    . . .      Spirit   .   b - +0 animal skin
rPois   .          Reflect  .   (no helmet)
rElec   .          Harm     .   (no cloak)
rCorr   .          Rampage  .   (no gloves)
Will    .....                   (no boots)
Stlth   +.........              (no amulet)
HPRegen 0.13/turn               (no ring)
MPRegen 0.09/turn               (no ring)

@: slowed, very slow
A: no striking features
a: Renounce Religion, Berserk


You were on level 2 of the Dungeon.
You worshipped Trog.
Trog was aware of your devotion.
You visited 1 branch of the dungeon, and saw 2 of its levels.

You collected 81 gold pieces.

Inventory:

Hand Weapons
 a - a +0 hand axe
 e - a +0 flail (weapon)
Armour
 b - a +0 animal skin (worn)
Jewellery
 d - a ring of ice
Scrolls
 c - a scroll of teleportation {unknown}


   Skills:
 + Level 4.3 Fighting
 + Level 5.2 Axes
 + Level 2.3 Armour
 + Level 2.0 Dodging


You had 3 spell levels left.
You didn't know any spells.
Your spell library was empty.

Dungeon Overview and Level Annotations

Branches:
Dungeon (2/15)

Altars:

Annotations:
D:2 Natasha


Message History

You kill the bat!
Trog accepts your kill.
You have reached level 4!
You see here a bat corpse.
You open the door.
There is an open door here.
Found 16 stones.
Found a stone staircase leading up.
You open the door.
There is an open door here.
You open the door.
There is an open door here.
Found a stone staircase leading up.
Found a crooked smoking staff.
Natasha, Servant of Life and Death comes into view.
Natasha hisses angrily.
Natasha stares at you and mumbles some strange words.
You feel yourself slow down. Natasha casts a spell at you.
The magic dart hits you!
You sock Natasha!
Natasha is heavily wounded.
Natasha claws you. Natasha casts a spell at you. The magic dart hits you!
You closely miss Natasha.
Natasha is heavily wounded.
Natasha claws you! Natasha barely misses you.
You completely miss Natasha.
Natasha is heavily wounded.
Natasha claws you.
* * * LOW HITPOINT WARNING * * *
Natasha claws you!
* * * LOW HITPOINT WARNING * * *
You hit Natasha but do no damage.
Natasha is heavily wounded.
Natasha wildly gestures.
You feel troubled. Natasha claws you!
You die...

###### #.....
############################.####
...|...........................#
................@h....######.#.#
#####################.# #.#.# #
#......######.......# #.#.#
###...........#.......# #.#.##
#.#...........#.......# ####.....
'.'..............................
#.#...........#.......####.#.....
#.#.###########.......####.#...(.
#.#.......< #..................


You could see Natasha.

Vanquished Creatures
  Jessica (D:2)
  2 dart slugs (D:1)
  3 endoplasms
  2 goblins
  4 hobgoblins
  A kobold (D:1)
  3 quokkas
  2 ball pythons (D:1)
  5 bats
  A frilled lizard (D:2)
  A rat (D:1)
25 creatures vanquished.

Notes
Turn   | Place    | Note
-------+----------+-------------------------------------------
     0 | D:1      | Keeper01 the Hill Orc Berserker began the quest for the
                  | Orb.
     0 | D:1      | Reached XP level 1. HP: 19/19 MP: 1/1
   368 | D:1      | Reached XP level 2. HP: 27/27 MP: 2/2
   879 | D:1      | Reached XP level 3. HP: 33/33 MP: 3/3
  1075 | D:2      | Noticed Jessica
  1078 | D:2      | Killed Jessica
  1079 | D:2      | Reached skill level 5 in Axes
  1354 | D:2      | Reached XP level 4. HP: 40/41 MP: 4/4
  1429 | D:2      | Noticed Natasha
  1436 | D:2      | Slain by Natasha

Illustrated notes

Levels and vault maps discovered:
D:1:      amcnicky_arrival_underground_garden, layout_rooms, wad_floor_pattern_1
D:2:      layout_basic, uniq_jessica, uniq_natasha

Skill      XL: |  1  2  3 |
---------------+----------+-----
Fighting       | 4 |  4.3
Axes           | 5 |  5.2
Dodging        | 2 |  2.0
Armour         | |  2.3

Action                   |  1- 3 |  4- 6 || total
-------------------------+-------+-------++-------
Melee: Hand axe          |    53 |       ||    53
       Flail             |    19 |     4 ||    23
Armor: Animal skin       |    34 |       ||    34
Dodge: Dodged            |    82 |     1 ||    83
